 Dungeon Crawl Stone Soup version 0.20.1-1-g8b1a95d (webtiles) character file.

34 empire the Charmwright (level 3, 0/30 HPs)
             Began as a Centaur Skald on Aug 18, 2017.
             Succumbed to an adder's poison
             ... on level 2 of the Dungeon.
             The game lasted 00:01:13 (975 turns).

empire the Charmwright (Centaur Skald)               Turns: 975, Time: 00:01:13

Health: 0/30       AC:  4    Str: 12 (14) XL:     3   Next: 14%
Magic:  5/5        EV: 14    Int: 11 (12) God:
Gold:   7          SH:  0    Dex: 11 (13) Spells: 4/5 levels left

rFire    . . .     SeeInvis .   a - +0 falchion
rCold    . . .     Gourm    .   (no shield)
rNeg     . . .     Faith    .   b - +0 leather armour
rPois    .         Spirit   .   (no helmet)
rElec    .         Reflect  .   (no cloak)
rCorr    .         Harm     .   (no gloves)
MR       .....                  (no barding)
Stlth    ++........             (no amulet)
Regen    0.1/turn               (no ring)
MPRegen  0.1/turn               (no ring)

@: agile, lethally poisoned (0 -> -7), very quick
A: hooves 3, deformed body, speed 2, tough skin 3
a: no special abilities


You were on level 2 of the Dungeon.
You were not hungry.

You visited 1 branch of the dungeon, and saw 2 of its levels.

You collected 7 gold pieces.

Inventory:

Hand Weapons
 a - a +0 falchion (weapon)
Armour
 b - a +0 leather armour (worn)
Scrolls
 e - a scroll of amnesia {unknown}
 f - a scroll of enchant armour {unknown}
 i - a scroll of remove curse {unknown}
Potions
 h - a potion of agility
Books
 c - a book of Battle

   Spells                             Type                      Level
   a - Infusion                       Charms                       1
   b - Shroud of Golubria             Charms/Translocation         2
   c - Song of Slaying                Charms                       2
   d - Spectral Weapon                Hexes/Charms                 3
   e - Regeneration                   Charms/Necromancy            3
Comestibles
 d - 2 bread rations


   Skills:
 + Level 2.4 Fighting
 + Level 2.0 Long Blades
 + Level 1.0 Armour
 + Level 1.6 Dodging
 + Level 1.8 Spellcasting
 + Level 2.9 Charms


You had 4 spell levels left.
You knew the following spells:

 Your Spells              Type           Power        Failure   Level  Hunger
a - Infusion              Chrm           #...         11%         1    ##.....


Dungeon Overview and Level Annotations

Branches:
Dungeon (2/15)

Altars:


Innate Abilities, Weirdness & Mutations

You have hooves in place of feet.
Armour fits poorly on your strangely shaped body.
You cover ground very quickly.
You have extremely tough skin. (AC +3)


Message History

You feel sick. The hobgoblin closely misses you.
It was a potion of degeneration.
There was something very wrong with that liquid.
You feel weakened.
You feel dopey.
You feel clumsy.
* * * LOW HITPOINT WARNING * * *
You feel sick. The hobgoblin hits you.
* * * LOW HITPOINT WARNING * * *
You completely miss the hobgoblin. You kick the hobgoblin.
The hobgoblin is heavily wounded.
* * * LOW HITPOINT WARNING * * *
You feel sick. The hobgoblin misses you.
You barely miss the hobgoblin.
The hobgoblin is heavily wounded.
The hobgoblin barely misses you.
You riposte.
You barely miss the hobgoblin.
You kick the hobgoblin, but do no damage.
The hobgoblin is heavily wounded.
The hobgoblin barely misses you.
You riposte.
You hit the hobgoblin.
You kill the hobgoblin!
Your Armour skill increases to level 1!
You die...

#.. ... .# #.# #.###.#
#.# #.....# ####+##.
#.# #.....# ........
#.# #.....#
##.....###.# #.....#
##.......##.###.....#
#.........#.##....#.##
+.........'.@†b........
#.........####....#####
#.......## #........
##...).## #.##.####
##...## #.# ..# ##'##
#.# #.# #)# #.# .# #.#
#.# ##.##


You could see a bat.

Vanquished Creatures
  An adder (D:2)
  A dart slug (D:1)
  3 bats (D:1)
  A goblin (D:1)
  4 hobgoblins
  4 jackals (D:2)
  A kobold (D:2)
  8 rats
23 creatures vanquished.

Notes
Turn   | Place    | Note
-------+----------+-------------------------------------------
     0 | D:1      | empire the Centaur Skald began the quest for the Orb.
     0 | D:1      | Reached XP level 1. HP: 17/17 MP: 3/3
   339 | D:1      | Reached XP level 2. HP: 22/24 MP: 4/4
   970 | D:2      | Reached XP level 3. HP: 5/30 MP: 5/5
   973 | D:2      | HP: 1/30 [poisoned by an adder]
   974 | D:2      | Reached skill level 1 in Armour
   975 | D:2      | Succumbed to an adder's poison

Skill      XL: |  1  2  3 |
---------------+----------+-----
Long Blades    | 2 |  2.0
Armour         | 1 |  1.0
Fighting       | |  2.4
Dodging        | |  1.6
Spellcasting   | |  1.8
Charms         | |  2.9

Action                   || total
-------------------------++-------
Melee: Falchion          ||    45
       Kick              ||    12
  Use: Potion            ||     2
Armor: Leather armour    ||    18
Dodge: Dodged            ||    36
       Rpst.: Falchion   ||    14
